[Event "POL-chT 2 Liga 2019"]
[Site "Poronin"]
[Date "2019.09.07"]
[Round "1.54"]
[White "Szydlowska-Duda, Marta"]
[Black "Pacuszka, Wioletta"]
[Result "1-0"]
[ECO "D02"]
[WhiteElo "1986"]
[BlackElo "1764"]
[Annotator "NA"]
[PlyCount "29"]
[EventDate "2019.09.07"]
[EventType "team-tourn"]
[EventCountry "POL"]
[SourceTitle "playchess.com"]
[Source "ChessBase"]
[SourceQuality "1"]
[TimeControl "40/5400+30:1800+30"]

1. d4 d5 2. Nf3 Nf6 3. Bf4 e6 4. e3 Bd6 5. Ne5 O-O 6. Bd3 c5 7. c3 b6 8. Nd2 Bb7 9. O-O Nc6 10. Ndf3 Ne7 11. Qe2 Ne4 12. dxc5 Nxc5 13. Bxh7+ Kh8 14. Ng5 Bxe5 15. Qh5 1-0

[Event "POL-chT 2 Liga 2019"]
[Site "Poronin"]
[Date "2019.09.08"]
[Round "2.3"]
[White "Tymrakiewicz, Rafal"]
[Black "Czapla, Andrzej"]
[Result "1-0"]
[ECO "A45"]
[WhiteElo "2257"]
[BlackElo "1993"]
[Annotator "NA"]
[PlyCount "79"]
[EventDate "2019.09.07"]
[EventType "team-tourn"]
[EventCountry "POL"]
[SourceTitle "playchess.com"]
[Source "ChessBase"]
[SourceQuality "1"]
[TimeControl "40/5400+30:1800+30"]

1. d4 Nf6 2. Bg5 d5 3. e3 c6 4. Bd3 Bg4 5. f3 Bh5 6. Ne2 Bg6 7. Nbc3 Nbd7 8. Nf4 Bxd3 9. Nxd3 h6 10. Bh4 Qb6 11. Na4 Qa5+ 12. c3 e6 13. b4 Qc7 14. Nac5 Bd6 15. Qe2 b6 16. Nxd7 Nxd7 17. f4 c5 18. O-O O-O 19. bxc5 bxc5 20. Ne5 Rab8 21. Qg4 f5 22. Qg6 Nf6 23. Rf3 Rb7 24. Raf1 Bxe5 25. fxe5 Ne4 26. Qxe6+ Qf7 27. Qxf7+ Rfxf7 28. e6 Rfc7 29. e7 Rxe7 30. Bxe7 Rxe7 31. Rxf5 Nxc3 32. dxc5 Rc7 33. Rf8+ Kh7 34. R1f7 Rxc5 35. Rxa7 Ne4 36. h3 Rc1+ 37. Rf1 Rc3 38. Rff7 Rxe3 39. Rxg7+ Kh8 40. Rge7 1-0

[Event "POL-chT 2 Liga 2019"]
[Site "Poronin"]
[Date "2019.09.08"]
[Round "2.5"]
[White "Gmaj, Krzysztof"]
[Black "Kurpiewski, Slawomir"]
[Result "1-0"]
[ECO "C47"]
[WhiteElo "2120"]
[BlackElo "1978"]
[Annotator "NA"]
[PlyCount "68"]
[EventDate "2019.09.07"]
[EventType "team-tourn"]
[EventCountry "POL"]
[SourceTitle "playchess.com"]
[Source "ChessBase"]
[SourceQuality "1"]
[TimeControl "40/5400+30:1800+30"]

1. e4 e5 2. Nf3 Nc6 3. Nc3 Nf6 4. a3 Be7 5. d4 d6 6. h3 O-O 7. Be2 Re8 8. O-O h6 9. Be3 Bf8 10. Qd3 Qe7 11. dxe5 Nxe5 12. Nxe5 dxe5 13. Rad1 c6 14. Bc1 Be6 15. Qg3 g6 16. Qxe5 Nd7 17. Qg3 Bg7 18. f4 Bxc3 19. bxc3 Kh7 20. f5 gxf5 21. exf5 Bd5 22. Bf3 Bxf3 23. Qxf3 Nf6 24. Qf4 Ng8 25. f6 Qc5+ 26. Kh1 Re6 27. Rd7 Rf8 28. Qh4 Qxc3 29. Bd2 Qe5 30. Rf3 Qa1+ 31. Kh2 Qe5+ 32. Kg1 Qa1+ 33. Kf2 Rxf6 34. Qe4+ Kg7 {Rg3+ Kh8+ Rf3} 1-0

[Event "POL-chT 2 Liga 2019"]
[Site "Poronin"]
[Date "2019.09.08"]
[Round "2.6"]
[White "Waszczuk, Patrycja"]
[Black "Kubicka, Anna"]
[Result "0-1"]
[ECO "B18"]
[WhiteElo "2197"]
[BlackElo "2225"]
[Annotator "NA"]
[PlyCount "98"]
[EventDate "2019.09.07"]
[EventType "team-tourn"]
[EventCountry "POL"]
[SourceTitle "playchess.com"]
[Source "ChessBase"]
[SourceQuality "1"]
[TimeControl "40/5400+30:1800+30"]

1. e4 c6 2. d4 d5 3. Nd2 dxe4 4. Nxe4 Bf5 5. Ng3 Bg6 6. f4 e6 7. Nf3 Nd7 8. Bd3 Bxd3 9. Qxd3 Bd6 10. Ne4 Qc7 11. Ne5 Ngf6 12. Nxd6+ Qxd6 13. O-O O-O 14. b3 Rfd8 15. Bb2 c5 16. Rad1 Rac8 17. c4 cxd4 18. Bxd4 Qc7 19. Qf3 Nxe5 20. fxe5 Ne8 21. Qe4 b6 22. Rd3 g6 23. Rdf3 Rd7 24. Be3 Ng7 25. g4 Rcd8 26. Qf4 Rd1 27. Qxf7+ Qxf7 28. Rxf7 Nf5 29. Bg5 Kxf7 30. Bxd8 Rxd8 31. gxf5 exf5 32. Rf3 Ke6 33. Re3 f4 34. Re2 g5 35. Kf2 h5 36. b4 Rd4 37. Rc2 Kxe5 38. c5 bxc5 39. Rxc5+ Rd5 40. Rc2 g4 41. a4 Rd4 42. Rc5+ Ke4 43. Rxh5 Rxb4 44. Ra5 Rb2+ 45. Ke1 Rxh2 46. Rxa7 Ra2 47. a5 g3 48. Rg7 Rxa5 49. Kf1 Ke5 0-1

[Event "POL-chT 2 Liga 2019"]
[Site "Poronin"]
[Date "2019.09.08"]
[Round "2.8"]
[White "Kyc, Jerzy"]
[Black "Janaszak, Dawid"]
[Result "1/2-1/2"]
[ECO "B33"]
[WhiteElo "2309"]
[BlackElo "2351"]
[Annotator "NA"]
[PlyCount "106"]
[EventDate "2019.09.07"]
[EventType "team-tourn"]
[EventCountry "POL"]
[SourceTitle "playchess.com"]
[Source "ChessBase"]
[SourceQuality "1"]
[TimeControl "40/5400+30:1800+30"]

1. e4 c5 2. Nf3 Nc6 3. d4 cxd4 4. Nxd4 Nf6 5. Nc3 e5 6. Ndb5 d6 7. Bg5 a6 8. Na3 b5 9. Nd5 Be7 10. Bxf6 Bxf6 11. c3 Bg5 12. Nc2 Rb8 13. Be2 O-O 14. O-O a5 15. Nce3 Ne7 16. Nxe7+ Qxe7 17. Nd5 Qa7 18. Qc2 Be6 19. Rfd1 g6 20. a4 bxa4 21. Rxa4 f5 22. exf5 Rxf5 23. Bg4 Bxd5 24. Bxf5 Bb3 25. Qxb3+ Rxb3 26. Be6+ Kg7 27. Bxb3 Qb6 28. Bd5 Qxb2 29. Rxa5 Bd8 30. Ra7+ Kh6 31. Bg8 Qc2 32. Rxh7+ Kg5 33. h4+ Kf5 34. Rf7+ Bf6 35. Re1 Qxc3 36. Re3 Qa1+ 37. Kh2 e4 38. g4+ Ke5 39. g5 Bd8 40. Rd7 Qf1 41. Rf7 d5 42. Rg3 d4 43. h5 gxh5 44. Rg1 Qe2 45. g6 Bf6 46. Rg2 Qf3 47. g7 Qf4+ 48. Kh1 e3 49. Rxf6 Kxf6 50. Bc4 Qh4+ 51. Kg1 Qxf2+ 52. Rxf2+ exf2+ 53. Kxf2 Kxg7 1/2-1/2

[Event "POL-chT 2 Liga 2019"]
[Site "Poronin"]
[Date "2019.09.08"]
[Round "2.10"]
[White "Pietruszewski, Marcin"]
[Black "Wlodarczyk, Oskar"]
[Result "1/2-1/2"]
[ECO "C42"]
[WhiteElo "2215"]
[BlackElo "2243"]
[Annotator "NA"]
[PlyCount "64"]
[EventDate "2019.09.07"]
[EventType "team-tourn"]
[EventCountry "POL"]
[SourceTitle "playchess.com"]
[Source "ChessBase"]
[SourceQuality "1"]
[TimeControl "40/5400+30:1800+30"]

1. e4 e5 2. Nf3 Nf6 3. Nxe5 d6 4. Nf3 Nxe4 5. Nc3 Nf6 6. d4 d5 7. Bg5 c6 8. Bd3 Be7 9. O-O O-O 10. Ne5 Nbd7 11. Qd2 Re8 12. Rae1 Nf8 13. Bh4 Ne4 14. Nxe4 Bxh4 15. Ng3 g6 16. c3 f5 17. Re2 Bg5 18. f4 Bh6 19. Rf3 Nd7 20. Nxd7 Bxd7 21. Nf1 Rxe2 22. Qxe2 Qf8 23. g3 Re8 24. Re3 Rxe3 25. Qxe3 Qe8 26. Qf2 Bg7 27. Nd2 Qe7 28. Nf3 b6 29. Qe2 Qxe2 30. Bxe2 Kf8 31. Kf2 Ke7 32. Ke3 Kd6 {[%emt 0:00:49] Ke4 Ke5+} 1/2-1/2

[Event "POL-chT 2 Liga 2019"]
[Site "Poronin"]
[Date "2019.09.08"]
[Round "2.11"]
[White "Chmielarz, Maciej"]
[Black "Sendera, Jaroslaw"]
[Result "0-1"]
[ECO "E83"]
[WhiteElo "2008"]
[BlackElo "2203"]
[Annotator "NA"]
[PlyCount "116"]
[EventDate "2019.09.07"]
[EventType "team-tourn"]
[EventCountry "POL"]
[SourceTitle "playchess.com"]
[Source "ChessBase"]
[SourceQuality "1"]
[TimeControl "40/5400+30:1800+30"]

1. d4 Nf6 2. c4 g6 3. Nc3 Bg7 4. e4 d6 5. f3 O-O 6. Be3 Nc6 7. Bd3 e5 8. d5 Nd4 9. Nge2 Nh5 10. Qd2 c5 11. Ng3 Nf4 12. Bxf4 exf4 13. Qxf4 Be5 14. Qd2 Qh4 15. Qf2 Qh6 16. Nge2 f5 17. Nxd4 Bxd4 18. Qd2 Be3 19. Qe2 Bd7 20. Kd1 a6 21. Kc2 Bd4 22. Qd2 Qg7 23. a4 f4 24. Rhb1 Rab8 25. b4 cxb4 26. Rxb4 Rfc8 27. a5 Rc7 28. Ra2 Rbc8 29. Rb3 Be3 30. Qe2 Qd4 31. Rb4 Bb5 32. Nxb5 axb5 33. Kb3 bxc4+ 34. Rxc4 Rxc4 35. Bxc4 b5 36. axb6 Qxb6+ 37. Kc3 Qd4+ 38. Kb3 Rb8+ 39. Bb5 Qc5 40. Ka4 Qc3 41. Ra3 Qd4+ 42. Qc4 Qa7+ 43. Kb3 Qb6 44. Ka4 Bd2 45. Kb3 Qxb5+ 46. Qxb5 Rxb5+ 47. Kc4 Rb2 48. e5 dxe5 49. d6 Kf7 50. Kd5 Bb4 51. Ra7+ Kf6 52. d7 Rd2+ 53. Kc6 Be7 54. Kc7 Rc2+ 55. Kb8 Rxg2 56. Ra6+ Kf7 57. Rc6 Rxh2 58. Kc8 Rd2 0-1

[Event "POL-chT 2 Liga 2019"]
[Site "Poronin"]
[Date "2019.09.08"]
[Round "2.12"]
[White "Trybowska, Barbara"]
[Black "Czerwinska, Milena"]
[Result "1/2-1/2"]
[ECO "B98"]
[WhiteElo "1689"]
[BlackElo "2006"]
[Annotator "NA"]
[PlyCount "47"]
[EventDate "2019.09.07"]
[EventType "team-tourn"]
[EventCountry "POL"]
[SourceTitle "playchess.com"]
[Source "ChessBase"]
[SourceQuality "1"]
[TimeControl "40/5400+30:1800+30"]

1. e4 c5 2. Nf3 d6 3. d4 cxd4 4. Nxd4 Nf6 5. Nc3 a6 6. Bg5 e6 7. f4 h6 8. Bh4 Be7 9. Qf3 Qc7 10. O-O-O Nbd7 11. g4 g5 12. fxg5 Ne5 13. Qg3 Nfxg4 14. gxh6 Rxh6 15. Bxe7 Qxe7 16. Be2 Qh4 17. Bxg4 Qxg4 18. Nb3 Qxg3 19. hxg3 Rxh1 20. Rxh1 Ng6 21. Rd1 Ke7 22. Na4 b5 23. Nc3 Bb7 24. Na5 1/2-1/2

[Event "POL-chT 2 Liga 2019"]
[Site "Poronin"]
[Date "2019.09.08"]
[Round "2.13"]
[White "Lewicki, Miroslaw"]
[Black "Brzezinski, Mateusz"]
[Result "1-0"]
[ECO "B72"]
[WhiteElo "2351"]
[BlackElo "2213"]
[Annotator "NA"]
[PlyCount "88"]
[EventDate "2019.09.07"]
[EventType "team-tourn"]
[EventCountry "POL"]
[SourceTitle "playchess.com"]
[Source "ChessBase"]
[SourceQuality "1"]
[TimeControl "40/5400+30:1800+30"]

1. e4 c5 2. Nf3 d6 3. d4 cxd4 4. Nxd4 Nf6 5. Nc3 g6 6. Be2 Bg7 7. Be3 O-O 8. g4 d5 9. e5 Ne4 10. Nxe4 dxe4 11. e6 Bxe6 12. Nxe6 fxe6 13. c3 Nc6 14. Qa4 Qa5 15. Qxa5 Nxa5 16. O-O-O Nc6 17. Rd7 b6 18. Rhd1 Kf7 19. Rc7 Rfc8 20. Rdd7 Rxc7 21. Rxc7 Ne5 22. Kc2 Nd3 23. Rc4 Rd8 24. Rxe4 Ne1+ 25. Kb3 Ng2 26. Bc1 h6 27. Bc4 Rd6 28. f4 Nh4 29. Kb4 Rd1 30. Rxe6 Kf8 31. Be3 Ng2 32. Bb3 Rh1 33. Bd2 Rf1 34. Rc6 Bf6 35. g5 hxg5 36. fxg5 Be5 37. Rxg6 Ke8 38. Kb5 Kd7 39. Re6 Rf5 40. Ka6 Bf4 41. Re2 Kc6 42. Ba4+ b5 43. Rxg2 Bxd2 44. Bc2 Kd5 1-0

[Event "POL-chT 2 Liga 2019"]
[Site "Poronin"]
[Date "2019.09.08"]
[Round "2.15"]
[White "Mis, Mieszko"]
[Black "Lewinski, Dominik"]
[Result "1-0"]
[ECO "D30"]
[WhiteElo "2320"]
[BlackElo "2260"]
[Annotator "NA"]
[PlyCount "59"]
[EventDate "2019.09.07"]
[EventType "team-tourn"]
[EventCountry "POL"]
[SourceTitle "playchess.com"]
[Source "ChessBase"]
[SourceQuality "1"]
[TimeControl "40/5400+30:1800+30"]

1. d4 d5 2. c4 e6 3. Nf3 Nf6 4. g3 c6 5. Bg2 Be7 6. O-O O-O 7. Nc3 Nbd7 8. Nd2 Re8 9. e4 dxe4 10. Ndxe4 Nxe4 11. Nxe4 Nf6 12. Nc3 Bd6 13. Re1 Bd7 14. Bg5 h6 15. Ne4 Be7 16. Bxf6 Bxf6 17. Nd6 Re7 18. c5 Be8 19. Qg4 Rd7 20. Rad1 Be7 21. Nc4 Bf6 22. Ne5 Bxe5 23. dxe5 Qa5 24. b4 Qxa2 25. Rxd7 Bxd7 26. Qd4 Be8 27. Qc3 a6 28. Ra1 Qe2 29. Bf3 Qb5 30. Ra5 1-0

[Event "POL-chT 2 Liga 2019"]
[Site "Poronin"]
[Date "2019.09.08"]
[Round "2.16"]
[White "Mazalon, Mariusz"]
[Black "Szpar, Milosz"]
[Result "1/2-1/2"]
[ECO "E15"]
[WhiteElo "1983"]
[BlackElo "2309"]
[Annotator "NA"]
[PlyCount "78"]
[EventDate "2019.09.07"]
[EventType "team-tourn"]
[EventCountry "POL"]
[SourceTitle "playchess.com"]
[Source "ChessBase"]
[SourceQuality "1"]
[TimeControl "40/5400+30:1800+30"]

1. d4 Nf6 2. c4 e6 3. Nf3 b6 4. g3 Ba6 5. b3 Bb4+ 6. Bd2 Be7 7. Bg2 O-O 8. O-O d5 9. Ne5 Bb7 10. Nc3 Nbd7 11. Bf4 c5 12. cxd5 exd5 13. Rc1 Re8 14. Nxd7 Qxd7 15. Be5 Ng4 16. Bh3 f5 17. Bxg4 fxg4 18. f4 gxf3 19. exf3 Bd6 20. f4 Bxe5 21. fxe5 Rac8 22. Qd2 Re6 23. Rcd1 cxd4 24. Qxd4 Qc7 25. Nxd5 Qxe5 26. Nf4 Qxd4+ 27. Rxd4 Re7 28. Rfd1 Rce8 29. Rd8 Kf7 30. Rxe8 Kxe8 31. Kf2 Rc7 32. Rd2 Kf7 33. h4 Kf6 34. g4 Ke5 35. Ke3 h6 36. Nd3+ Ke6 37. Nf4+ Ke5 38. Nd3+ Ke6 39. Nf4+ Ke5 1/2-1/2

[Event "POL-chT 2 Liga 2019"]
[Site "Poronin"]
[Date "2019.09.08"]
[Round "2.17"]
[White "Mika, Tomasz"]
[Black "Skowronski, Piotr"]
[Result "1-0"]
[ECO "D00"]
[WhiteElo "2136"]
[BlackElo "2002"]
[Annotator "NA"]
[PlyCount "119"]
[EventDate "2019.09.07"]
[EventType "team-tourn"]
[EventCountry "POL"]
[SourceTitle "playchess.com"]
[Source "ChessBase"]
[SourceQuality "1"]
[TimeControl "40/5400+30:1800+30"]

1. d4 d5 2. Nc3 e6 3. Bf4 Bd6 4. e3 Bxf4 5. exf4 Nf6 6. Nf3 Nbd7 7. Ne5 a6 8. Be2 c5 9. dxc5 Nxc5 10. Qd4 Qc7 11. O-O O-O 12. Bf3 b6 13. f5 Bb7 14. Rfe1 Rad8 15. Ng4 Nxg4 16. Bxg4 exf5 17. Bxf5 g6 18. Bh3 Ne4 19. Re3 f5 20. Rd1 Qc5 21. g3 Qxd4 22. Rxd4 Kf7 23. Bg2 Rfe8 24. Na4 b5 25. Nc3 Nf6 26. Rxe8 Kxe8 27. a4 bxa4 28. Rxa4 Ne4 29. Ne2 Ke7 30. Nd4 Rc8 31. c3 Rc4 32. Ra1 Rc8 33. Ra5 Kd6 34. Bf1 Ra8 35. Ra1 Nc5 36. Re1 Kd7 37. f3 Re8 38. Ra1 Ra8 39. Re1 Re8 40. Ra1 Ra8 41. Kf2 Ne6 42. Nxe6 Kxe6 43. Ke3 Kd6 44. Kd4 Kc6 45. b4 Kb6 46. Re1 a5 47. Re6+ Kc7 48. Re7+ Kb6 49. bxa5+ Rxa5 50. Rxh7 Ra4+ 51. Ke5 Ra3 52. Rh6 Rxc3 53. Rxg6+ Kc5 54. Bh3 Rxf3 55. Bxf5 d4 56. Rg8 Re3+ 57. Kf4 Rf3+ 58. Kg4 Bd5 59. Rc8+ Kb4 60. Rd8 1-0

[Event "POL-chT 2 Liga 2019"]
[Site "Poronin"]
[Date "2019.09.08"]
[Round "2.18"]
[White "Mackiewicz, Anna"]
[Black "Swiech, Joanna"]
[Result "1-0"]
[ECO "A01"]
[WhiteElo "1811"]
[BlackElo "2055"]
[Annotator "NA"]
[PlyCount "51"]
[EventDate "2019.09.07"]
[EventType "team-tourn"]
[EventCountry "POL"]
[SourceTitle "playchess.com"]
[Source "ChessBase"]
[SourceQuality "1"]
[TimeControl "40/5400+30:1800+30"]

1. b3 e5 2. Bb2 Nc6 3. e3 Nf6 4. Bb5 Bd6 5. Na3 Na5 6. Nc4 Nxc4 7. Bxc4 O-O 8. Nf3 Qe7 9. O-O c6 10. Nh4 Bc7 11. Nf5 Qd8 12. f4 e4 13. Nxg7 d5 14. Bxf6 Qxf6 15. Nh5 Qg6 16. Be2 f5 17. c4 Be6 18. cxd5 cxd5 19. Kh1 h6 20. Rg1 Kh8 21. g4 fxg4 22. Bxg4 Bxg4 23. Rxg4 Qe6 24. Rg7 Bd8 25. Qg1 Bf6 26. Qg6 1-0

[Event "POL-chT 2 Liga 2019"]
[Site "Poronin"]
[Date "2019.09.08"]
[Round "2.19"]
[White "Jedynak, Radoslaw"]
[Black "Marszalek, Maciej"]
[Result "1/2-1/2"]
[ECO "A77"]
[WhiteElo "2341"]
[BlackElo "2301"]
[Annotator "NA RC"]
[PlyCount "22"]
[EventDate "2019.09.07"]
[EventType "team-tourn"]
[EventCountry "POL"]
[SourceTitle "playchess.com"]
[Source "ChessBase"]
[SourceQuality "1"]
[TimeControl "40/5400+30:1800+30"]

1. d4 Nf6 2. c4 e6 3. Nc3 c5 4. d5 exd5 5. cxd5 d6 6. Nf3 g6 7. Nd2 Bg7 8. e4 O-O 9. Be2 Re8 10. O-O Nbd7 11. a4 a6 1/2-1/2

[Event "POL-chT 2 Liga 2019"]
[Site "Poronin"]
[Date "2019.09.08"]
[Round "2.21"]
[White "Mazurkiewicz, Michal"]
[Black "Jaskolka, Tomasz"]
[Result "1-0"]
[ECO "A04"]
[WhiteElo "2215"]
[BlackElo "2236"]
[Annotator "NA"]
[PlyCount "79"]
[EventDate "2019.09.07"]
[EventType "team-tourn"]
[EventCountry "POL"]
[SourceTitle "playchess.com"]
[Source "ChessBase"]
[SourceQuality "1"]
[TimeControl "40/5400+30:1800+30"]

1. Nf3 e6 2. g3 f5 3. Bg2 Nf6 4. O-O Be7 5. d3 d6 6. Nbd2 Nc6 7. e4 fxe4 8. dxe4 e5 9. c3 O-O 10. Qb3+ Kh8 11. Ng5 Na5 12. Qa4 b6 13. b4 Bd7 14. Qc2 Nc6 15. Qb3 Qc8 16. a4 a5 17. b5 Nd8 18. Ba3 Nh5 19. Ngf3 Bh3 20. Nxe5 Bg5 21. f4 Nxf4 22. gxf4 Rxf4 23. Nef3 Qg4 24. Ne1 Ne6 25. Qd1 Bxg2 26. Nxg2 Rxf1+ 27. Nxf1 Qxe4 28. Ng3 Qc4 29. Qe2 Qxc3 30. Re1 Qxa3 31. Qxe6 Qc5+ 32. Kh1 g6 33. Ne4 Qd4 34. Nxg5 h6 35. Nf7+ Kg7 36. Qe7 Qf6 37. Nxd6+ Qxe7 38. Rxe7+ Kf6 39. Rxc7 Rd8 40. Rc6 1-0

[Event "POL-chT 2 Liga 2019"]
[Site "Poronin"]
[Date "2019.09.08"]
[Round "2.22"]
[White "Lukasiewicz, Grzegorz"]
[Black "Maciaga, Marcin"]
[Result "1-0"]
[ECO "D78"]
[WhiteElo "2164"]
[BlackElo "2118"]
[Annotator "NA"]
[PlyCount "71"]
[EventDate "2019.09.07"]
[EventType "team-tourn"]
[EventCountry "POL"]
[SourceTitle "playchess.com"]
[Source "ChessBase"]
[SourceQuality "1"]
[TimeControl "40/5400+30:1800+30"]

1. d4 Nf6 2. Nf3 g6 3. g3 Bg7 4. Bg2 O-O 5. O-O d5 6. c4 c6 7. Qb3 Qb6 8. Nc3 Rd8 9. c5 Qa6 10. Re1 b6 11. cxb6 axb6 12. Bf4 Re8 13. e4 dxe4 14. Ng5 Rf8 15. Ngxe4 Be6 16. Nxf6+ Bxf6 17. d5 cxd5 18. Nxd5 Nc6 19. Nxf6+ exf6 20. Qc3 Ne5 21. Bxe5 Rac8 22. Bc7 Rfe8 23. Rac1 Qa7 24. Red1 Kg7 25. Rd6 Qxa2 26. Bb7 Rxc7 27. Qxc7 Qxb2 28. Rxe6 Rxe6 29. Bd5 Re2 30. Qxf7+ Kh6 31. Qf8+ Kg5 32. h4+ Kf5 33. Qc8+ Ke5 34. Rd1 Rd2 35. Qe6+ Kd4 36. Qe3+ 1-0

[Event "POL-chT 2 Liga 2019"]
[Site "Poronin"]
[Date "2019.09.08"]
[Round "2.23"]
[White "Krasiewicz, Robert"]
[Black "Pulik, Krzysztof"]
[Result "1/2-1/2"]
[ECO "A13"]
[WhiteElo "2044"]
[BlackElo "2131"]
[Annotator "NA"]
[PlyCount "91"]
[EventDate "2019.09.07"]
[EventType "team-tourn"]
[EventCountry "POL"]
[SourceTitle "playchess.com"]
[Source "ChessBase"]
[SourceQuality "1"]
[TimeControl "40/5400+30:1800+30"]

1. c4 e6 2. Nf3 d5 3. g3 c5 4. Bg2 Nc6 5. O-O Nf6 6. b3 Be7 7. Bb2 d4 8. e3 e5 9. exd4 exd4 10. d3 O-O 11. Na3 h6 12. Nc2 a5 13. a3 Qc7 14. b4 axb4 15. axb4 Rxa1 16. Qxa1 b6 17. b5 Na5 18. Re1 Bf5 19. Qd1 Bd6 20. Nh4 Bh7 21. Bh3 Re8 22. Qf3 Nxc4 23. dxc4 Bxc2 24. Rxe8+ Nxe8 25. Qe2 Be7 26. Qxc2 Bxh4 27. gxh4 Qe7 28. Bf5 Nd6 29. Bd3 Qxh4 30. Qd1 Qg5+ 31. Kh1 Qf4 32. Kg2 Qg5+ 33. Kf1 Qf4 34. h3 Ne4 35. Qc2 f5 36. Bc1 Qf3 37. Kg1 Nxf2 38. Bxf5 Nxh3+ 39. Bxh3 Qxh3 40. Qg6 Qh4 41. Kg2 Qe1 42. Bxh6 Qe2+ 43. Kg3 Qe1+ 44. Kg2 Qe2+ 45. Kg3 Qe1+ 46. Kg2 1/2-1/2

[Event "POL-chT 2 Liga 2019"]
[Site "Poronin"]
[Date "2019.09.08"]
[Round "2.24"]
[White "Lukasiewicz, Anna"]
[Black "Andrzejewska, Anna"]
[Result "1/2-1/2"]
[ECO "C54"]
[WhiteElo "2075"]
[BlackElo "2021"]
[Annotator "NA"]
[PlyCount "154"]
[EventDate "2019.09.07"]
[EventType "team-tourn"]
[EventCountry "POL"]
[SourceTitle "playchess.com"]
[Source "ChessBase"]
[SourceQuality "1"]
[TimeControl "40/5400+30:1800+30"]

1. e4 e5 2. Nf3 Nc6 3. Bc4 Bc5 4. c3 Nf6 5. d3 d6 6. O-O h6 7. h3 O-O 8. Bb3 Re8 9. Nbd2 d5 10. Re1 d4 11. Nf1 Be6 12. Bxe6 Rxe6 13. c4 a5 14. Ng3 a4 15. Rf1 Qd7 16. Ne1 Ne7 17. Rb1 b5 18. b4 axb3 19. axb3 bxc4 20. dxc4 Ng6 21. Nd3 Bf8 22. Re1 Rea6 23. Bd2 Ra2 24. h4 Nxh4 25. Nxe5 Qe6 26. Nd3 c5 27. Nf4 Qg4 28. e5 Qxd1 29. Rexd1 Ng4 30. Nd3 Rc2 31. Ne4 Raa2 32. Ra1 Rxa1 33. Rxa1 Kh7 34. Be1 Re2 35. Nexc5 Bxc5 36. Nxc5 Nxe5 37. Kf1 Rb2 38. f4 Neg6 39. Bf2 Nf5 40. g3 h5 41. Rd1 h4 42. gxh4 Ne3+ 43. Bxe3 dxe3 44. Re1 Rf2+ 45. Kg1 Nxh4 46. Rxe3 Rxf4 47. Nd3 Rd4 48. c5 Nf5 49. Rh3+ Kg6 50. Kf2 Kf6 51. Ke2 g5 52. b4 g4 53. Rh8 g3 54. Rg8 Ng7 55. c6 Rxd3 56. Rxg7 Rc3 57. Rg4 Rxc6 58. Rxg3 Ke5 59. Rb3 Kd4 60. b5 Rb6 61. Kf3 Kc4 62. Rb1 Rxb5 63. Rxb5 Kxb5 64. Ke4 Kc6 65. Ke5 Kd7 66. Kf6 Ke8 67. Kf5 Ke7 68. Ke5 f6+ 69. Kf5 Kf7 70. Kf4 Ke7 71. Kf5 Kf7 72. Kf4 Ke6 73. Ke4 f5+ 74. Kf4 Kf6 75. Kf3 Kg5 76. Kg3 f4+ 77. Kf3 Kf5 {[%emt 0:00:04] Kg3 fxg3} 1/2-1/2

[Event "POL-chT 2 Liga 2019"]
[Site "Poronin"]
[Date "2019.09.08"]
[Round "2.26"]
[White "Brozyna, Mateusz"]
[Black "Pacan-Milej, Kosma"]
[Result "0-1"]
[ECO "B92"]
[WhiteElo "2194"]
[BlackElo "2287"]
[Annotator "NA"]
[PlyCount "130"]
[EventDate "2019.09.07"]
[EventType "team-tourn"]
[EventCountry "POL"]
[SourceTitle "playchess.com"]
[Source "ChessBase"]
[SourceQuality "1"]
[TimeControl "40/5400+30:1800+30"]

1. e4 c5 2. Nf3 d6 3. d4 cxd4 4. Nxd4 Nf6 5. Nc3 a6 6. Be2 e5 7. Nb3 Be7 8. O-O O-O 9. a4 Be6 10. Bf3 Nbd7 11. Re1 Qb8 12. Nd2 Bd8 13. Nd5 Nxd5 14. exd5 Bf5 15. Nc4 Bg6 16. b3 Nb6 17. Ne3 a5 18. Bb2 f5 19. Bh5 Qc7 20. Bxg6 hxg6 21. Rc1 Bg5 22. Qf3 Rac8 23. c4 Nd7 24. Qg3 Qd8 25. h4 Bxe3 26. fxe3 Nc5 27. Rb1 Nxb3 28. Bxe5 Nd2 29. Bd4 Nxb1 30. Rxb1 Rxc4 31. Qxg6 Rxd4 32. exd4 Qxh4 33. Qe6+ Kh7 34. Qe3 Rf7 35. Qf2 Qe4 36. Rb6 Rd7 37. Rb5 Rc7 38. Rxa5 Rc2 39. Qf3 Qxd4+ 40. Kh2 Qh4+ 41. Qh3 Qxh3+ 42. Kxh3 Rc3+ 43. Kh2 Kg6 44. Rb5 Rc7 45. Rb6 Rd7 46. Rb1 Kf6 47. Re1 Re7 48. Rb1 g5 49. g4 f4 50. Kg2 Re2+ 51. Kf3 Re3+ 52. Kf2 Re4 53. a5 Re7 54. Kf3 Re3+ 55. Kf2 Ke5 56. Rxb7 Ra3 57. Rg7 Rxa5 58. Rxg5+ Ke4 59. Rg6 Ra2+ 60. Ke1 Kf3 61. Rxd6 Kg2 62. Rf6 f3 63. g5 f2+ 64. Rxf2+ Rxf2 65. g6 Rf5 0-1

[Event "POL-chT 2 Liga 2019"]
[Site "Poronin"]
[Date "2019.09.08"]
[Round "2.29"]
[White "Kowalczyk, Pawel"]
[Black "Lach, Piotr"]
[Result "1-0"]
[ECO "A45"]
[WhiteElo "2294"]
[BlackElo "2125"]
[Annotator "NA"]
[PlyCount "97"]
[EventDate "2019.09.07"]
[EventType "team-tourn"]
[EventCountry "POL"]
[SourceTitle "playchess.com"]
[Source "ChessBase"]
[SourceQuality "1"]
[TimeControl "40/5400+30:1800+30"]

1. d4 Nf6 2. g3 e6 3. Bg2 d5 4. Nf3 Be7 5. c4 O-O 6. O-O c6 7. Nc3 Nbd7 8. b3 b6 9. cxd5 cxd5 10. Bf4 Ba6 11. a4 Rc8 12. Nb5 Ne4 13. Rc1 Bxb5 14. axb5 g5 15. Be3 f5 16. Qd3 g4 17. Rxc8 Qxc8 18. Rc1 Qb7 19. Ne1 Rc8 20. Bxe4 dxe4 21. Rxc8+ Qxc8 22. Qc4 Qxc4 23. bxc4 Kf7 24. Nc2 Ke8 25. Bf4 Bf6 26. Bd6 Be7 27. Bc7 Bd8 28. Bf4 Bf6 29. Kf1 Kd8 30. Nb4 Kc8 31. e3 Kb7 32. Bd6 Bd8 33. Ke2 Bc7 34. Be7 Bb8 35. Kd1 h5 36. Kc2 e5 37. c5 bxc5 38. dxc5 Kc8 39. Kb3 Bc7 40. Nc6 Kb7 41. Kc4 a6 42. bxa6+ Kxa6 43. Nb4+ Ka7 44. Kb5 Nb8 45. Nd5 Kb7 46. Nxc7 Kxc7 47. Bd6+ Kb7 48. Bxb8 Kxb8 49. Kc6 1-0

[Event "POL-chT 2 Liga 2019"]
[Site "Poronin"]
[Date "2019.09.08"]
[Round "2.30"]
[White "Jedrocha, Katarzyna"]
[Black "Starosta, Martyna"]
[Result "1-0"]
[ECO "A45"]
[WhiteElo "1943"]
[BlackElo "1814"]
[Annotator "NA"]
[PlyCount "111"]
[EventDate "2019.09.07"]
[EventType "team-tourn"]
[EventCountry "POL"]
[SourceTitle "playchess.com"]
[Source "ChessBase"]
[SourceQuality "1"]
[TimeControl "40/5400+30:1800+30"]

1. d4 Nf6 2. g3 c5 3. Nf3 g6 4. Bg2 Bg7 5. O-O O-O 6. e3 d6 7. c4 Nbd7 8. Nc3 Re8 9. Re1 e5 10. dxe5 dxe5 11. e4 b6 12. Bg5 h6 13. Bxf6 Bxf6 14. Qd2 Bg7 15. Rad1 Qf6 16. Nb5 Qc6 17. Qd5 Qxd5 18. Rxd5 Re7 19. Red1 Nf8 20. Rd8 Bb7 21. Nc3 Rxd8 22. Rxd8 f6 23. Bh3 Kf7 24. Nh4 Re8 25. Rxe8 Kxe8 26. f3 Bc6 27. Kf2 Bd7 28. Bxd7+ Kxd7 29. Nb5 a6 30. Nc3 h5 31. a4 f5 32. exf5 gxf5 33. Nxf5 Bf6 34. Nd5 Bd8 35. Ke3 Ng6 36. Ke4 Kc6 37. h4 b5 38. axb5+ axb5 39. b3 bxc4 40. bxc4 Kd7 41. Ng7 Ba5 42. Nxh5 Ke6 43. Ng7+ Kf7 44. Nf5 Ke6 45. h5 Nf8 46. g4 Nh7 47. Nh4 Be1 48. Ng6 Bf2 49. f4 exf4 50. Ngxf4+ Kf7 51. Kf5 Bh4 52. Ne6 Bf2 53. g5 Nf8 54. g6+ Kg8 55. Nf6+ Kh8 56. g7# 1-0